 Dungeon Crawl Stone Soup version 0.30-a0-719-gcc4359ea44 (webtiles) character file.

Game seed: 14357769850214083877

181 Dittersdorf the Covered (level 5, -1/33 HPs)
             Began as a Gargoyle Fighter on Jan 26, 2023.
             Slain by Crazy Yiuf
             ... wielding a +3 quarterstaff of chaos
              (4 damage)
             ... on level 3 of the Dungeon.
             The game lasted 00:02:22 (2686 turns).

Dittersdorf the Covered (Gargoyle Fighter)          Turns: 2686, Time: 00:02:22

Health: -1/33      AC: 14    Str: 21    XL:     5   Next: 61%
Magic:  5/5        EV:  7    Int:  9    God:
Gold:   84         SH:  4    Dex:  9    Spells: 4/4 levels left

rFire   . . .      SeeInvis .    a - +0 flail
rCold   . . .      Faith    .    c - +0 buckler
rNeg    + . .      Spirit   .    j - +0 chain mail
rPois   ∞          Reflect  .    (no helmet)
rElec   +          Harm     .    (no cloak)
rCorr   .          Rampage  .    (no gloves)
Will    .....                    i - +0 pair of boots Stlth
                                 (no amulet)
HPRegen 0.25/turn                (no ring)
MPRegen 0.09/turn                (no ring)

@: hasted, very quick
A: sickness immunity, AC +4, negative energy resistance 1, electricity
resistance, torment resistance 1, petrification resistance
a: no special abilities


You were on level 3 of the Dungeon.
You visited 1 branch of the dungeon, and saw 3 of its levels.

You collected 84 gold pieces.

Inventory:

Hand Weapons
 a - a +0 flail (weapon)
Armour
 c - a +0 buckler (worn)
 i - a +0 pair of boots (worn)
 j - a +0 chain mail (worn)
Scrolls
 f - 2 scrolls of noise {unknown}
 k - a scroll of identify {unknown}
 l - a scroll of vulnerability {unknown}
 o - a scroll of fear {unknown}
 p - a scroll of amnesia {unknown}
 s - a scroll of teleportation {unknown}
Potions
 b - a potion of mutation {unknown}
 d - a potion of might
 e - a potion of lignification {unknown}
 g - a potion of haste {unknown}
 h - a potion of heal wounds {unknown}
 m - a potion of invisibility {unknown}
 n - a potion of ambrosia {unknown}
 q - a potion of attraction {unknown}
 r - a potion of flight {unknown}


   Skills:
 + Level 4.3 Fighting
 + Level 3.3 Maces & Flails
 + Level 4.4 Armour
 + Level 4.3 Shields


You had 4 spell levels left.
You didn't know any spells.
Your spell library contained the following spells:

 Spells                   Type           Power      Damage    Failure   Level
 Sting                    Tmut/Pois      0%         1d3       99%         1
 Ensorcelled Hibernation  Hex/Ice        0%         N/A       100%        2
 Poisonous Vapours        Pois/Air       0%         N/A       100%        2
 Spider Form              Tmut/Pois      0%         N/A       100%        3
 Anguish                  Hex/Necr       0%         N/A       100%        4
 Olgreb's Toxic Radiance  Pois           0%         N/A       100%        4


Dungeon Overview and Level Annotations

Branches:
Dungeon (3/15)

Altars:
Wu Jian

Shops:
D:2 *:   D:3 :

Annotations:
D:3 Crazy Yiuf


Innate Abilities, Weirdness & Mutations

You are immune to sickness and miasma.
Your stone body is resilient. (AC +4)
You are immune to poison.
You resist negative energy. (rN+)
You are resistant to electric shocks. (rElec)
You are resistant to unholy torment.
You are immune to petrification.


Message History

No target in view!
No target in view!
No target in view!
No target in view!
No target in view!
There is an open door here.
There is an open door here.
You see here a +0 leather armour.
You see here a +0 mace.
You see here a +0 mace.
You see here a +0 leather armour.
Crazy Yiuf shouts!
You open the door.
Crazy Yiuf sings, "Trees, trees, trees, circus!"
You hit Crazy Yiuf.
Crazy Yiuf is lightly wounded.
Crazy Yiuf barely misses you.
You closely miss Crazy Yiuf.
Crazy Yiuf is lightly wounded.
Crazy Yiuf completely misses you.
Crazy Yiuf hits you with a +3 quarterstaff of chaos!
You feel yourself speed up.
You sock Crazy Yiuf!
Crazy Yiuf is severely wounded.
You hit Crazy Yiuf.
Crazy Yiuf is almost dead.
Crazy Yiuf hits you but does no damage.
You barely miss Crazy Yiuf.
Crazy Yiuf is almost dead.
Crazy Yiuf says, "Hah alas spinner!"
Crazy Yiuf hits you with a +3 quarterstaff of chaos!
Crazy Yiuf burns you.
* * * LOW HITPOINT WARNING * * *
You completely miss Crazy Yiuf.
Crazy Yiuf is almost dead.
Crazy Yiuf flaps his cloak.
Crazy Yiuf hits you with a +3 quarterstaff of chaos!
* * * LOW HITPOINT WARNING * * *
Crazy Yiuf freezes you.
You die...

########.## #.# #.###
#.#.. #### #.#.#
...######
###########....
#.......# ###
###.#............
#.<####.#
#...##..#........#...#
.....##.#
#...g@####...........#
#..#.##.# #)..###
##....#......
#..#.##.# ###
#######...## #..#.##.#
##..## ........# #....
####.#### ### #.###
#.# #.# ##'## #.#
###.### #...# #.##
#.....## ########


You could see Crazy Yiuf.

Vanquished Creatures
  2 hounds
  4 gnolls (D:3)
  3 adders
  2 dart slugs
  7 bats
  6 endoplasms
  2 giant cockroaches
  3 hobgoblins
  2 quokkas
  3 ball pythons
  10 frilled lizards
  5 goblins
  6 kobolds
  6 rats
61 creatures vanquished.

Vanquished Creatures (others)
  8 plants (D:2)
8 creatures vanquished.

Grand Total: 69 creatures vanquished

Notes
Turn   | Place    | Note
-------+----------+-------------------------------------------
     0 | D:1      | Dittersdorf the Gargoyle Fighter began the quest for the
                  | Orb.
     0 | D:1      | Reached XP level 1. HP: 14/14 MP: 1/1
   211 | D:1      | Reached XP level 2. HP: 18/19 MP: 2/2
   829 | D:2      | Reached XP level 3. HP: 23/23 MP: 3/3
   995 | D:2      | Found an ornate altar of the Wu Jian Council.
  1117 | D:2      | Found Girike's Book Shoppe.
  1117 | D:2      | You fall into a shaft and drop 1 floor!
  1117 | D:3      | Found Ubisk's Book Boutique.
  1118 | D:3      | yay!
  1146 | D:3      | Reached XP level 4. HP: 29/29 MP: 4/4
  1617 | D:2      | Found Ofry's Assorted Antiques.
  2012 | D:3      | Found a runed translucent door.
  2013 | D:3      | Noticed Crazy Yiuf
  2063 | D:3      | Reached XP level 5. HP: 32/33 MP: 5/5
  2686 | D:3      | Slain by Crazy Yiuf

Illustrated notes

########
#≈.....## #
#..≈≈≈..##..
#.≈≈≈≈≈....
#∩≈≈≈≈≈..#
#.≈≈≈≈≈.#
#..≈≈≈..#
#≈..@..#
########


Turn 1118 on D:3: yay!

Levels and vault maps discovered:
D:1:      spicycebolla_arrival_xxxplode, layout_basic, minivault_11,
          kennysheep_flooded_box, palyth_stone_intersect, minmay_heptomino_d4
D:2:      layout_basic, serial_shops, nicolae_shop_advertising_works
          [nicolae_subvault_shop_adworks], nicolae_square_shop, basic_altar,
          minmay_lizard_king
D:3:      layout_loops_corners, serial_shops, nicolae_lakefront_shop,
          uniq_crazy_yiuf_cottage

Skill      XL: |  1  2  3  4 |
---------------+-------------+-----
Armour         | 4 |  4.4
Shields        | 4 |  4.3
Fighting       | 4 |  4.3
Maces & Flails | 3 |  3.3

Action                     |  1- 3 |  4- 6 || total
---------------------------+-------+-------++-------
  Melee: Flail             |   103 |   134 ||   237
 Armour: Scale mail        |    36 |       ||    36
         Chain mail        |    29 |    79 ||   108
  Dodge: Dodged            |    49 |    41 ||    90
  Block: Buckler           |    33 |    29 ||    62

Table legend: (Time is in decaauts)
 A = Elapsed time spent in this place.
 B = Non-inter-level travel time spent in this place.
 C = Inter-level travel time spent in this place.
 D = Time resting spent in this place.
 E = Time spent auto-exploring this place.
 F = Levels seen in this place.
 G = Mean time per level.
                   A        B        C        D        E       F      G
               +--------+--------+--------+--------+--------+-----+--------+
         Total |   2757 |   2723 |     34 |    108 |   2095 |   3 |  919.0 |
       Dungeon |   2757 |   2723 |     34 |    108 |   2095 |   3 |  919.0 |
               +--------+--------+--------+--------+--------+-----+--------+

Top non-repeatable levels by time:
     D:3: 1144 daAuts
     D:1: 847 daAuts
     D:2: 764 daAuts
